 Dungeon Sprint DCSS version 0.27-a0-1139-g28e009f8a6 (webtiles) character file.

Game seed: 15173855824877600776

35 Zeld the Firebug (level 3, 0/24 HPs)
             Began as an Octopode Fire Elementalist on May 8, 2021.
             Slain by a scorpion (6 damage)
             ... in the Dungeon (Sprint IV: "Fedhas' Mad Dash").
             The game lasted 00:00:50 (1005 turns).

Zeld the Firebug (Octopode Fire Elementalist)       Turns: 1005, Time: 00:00:51

Health: 0/24       AC:  1    Str:  7    XL:     3   Next: 33%
Magic:  2/7        EV: 13    Int: 18    God:
Gold:   0          SH:  0    Dex: 12    Spells: 4/8 levels left

rFire    . . .     SeeInvis .   (no weapon)
rCold    . . .     Faith    .   (no shield)
rNeg     . . .     Spirit   .   (helmet restricted)
rPois    .         Reflect  .   (no amulet)
rElec    .         Harm     .   (no ring)
rCorr    .         Rampage  .   (no ring)
Will     .....     NoTele   +   (no ring)
Stlth    +++.......             (no ring)
HPRegen  0.08/turn              (no ring)
MPRegen  0.10/turn              (no ring)
                                (no ring)
                                (no ring)

@: no status effects
A: almost no armour, amphibious, 8 rings, camouflage 1, gelatinous body 1,
(nimble swimmer 1), tentacles
a: no special abilities


You were in the Dungeon.
You visited 1 branch

Inventory:

Scrolls
 a - a scroll of identify {unknown}
 g - a scroll of blinking
Potions
 b - a potion of curing
 c - a potion of heal wounds
 d - a potion of haste
 e - 2 potions of magic


   Skills:
 + Level 2.2 Fighting
 + Level 3.2 Dodging
 - Level 2.6 Stealth
 + Level 3.0 Spellcasting
 + Level 2.5 Conjurations
 * Level 4.7 Fire Magic


You had 4 spell levels left.
You knew the following spells:

 Your Spells              Type           Power      Damage    Failure   Level
a - Foxfire               Conj/Fire      60%        2x1d7     3%          1
b - Conjure Flame         Conj/Fire      15%        6-21      11%         3

Your spell library contained the following spells:

 Spells                   Type           Power      Damage    Failure   Level
 Inner Flame              Hex/Fire       11%        N/A       19%         3
 Sticky Flame             Conj/Fire      15%        2d4       36%         4
 Fireball                 Conj/Fire      7%         3d5       71%         5


Dungeon Overview and Level Annotations

Branches:
Dungeon (1/1)

Altars:


Innate Abilities, Weirdness & Mutations

You cannot wear most types of armour.
You are amphibious.
You can wear up to eight rings at the same time.
Your skin changes colour to match your surroundings (Stealth+).
Your rubbery body absorbs attacks. (AC +1, EV +1)
((You are camouflaged near water. (Stealth+)))
You have tentacles for arms and can constrict up to eight enemies at once.


Message History

Found 18 gold pieces.
A scorpion comes into view.
Found the amulet of invisibility {+Inv}.
You see here 6 gold pieces.
Casting: Foxfire (safe; 3% risk of failure)
Confirm with . or Enter, or press ? or * to list all spells.
You conjure some foxfire!
Casting: Foxfire (safe; 3% risk of failure)
Confirm with . or Enter, or press ? or * to list all spells.
You conjure some foxfire!
Casting: Foxfire (safe; 3% risk of failure)
Confirm with . or Enter, or press ? or * to list all spells.
You conjure some foxfire!
The foxfire hits the scorpion but does no damage.
The foxfire hits the scorpion.
The scorpion is lightly wounded.
Casting: Foxfire (safe; 3% risk of failure)
Confirm with . or Enter, or press ? or * to list all spells.
You conjure some foxfire!
Your foxfire dissipates!
The scorpion stings you!
Unknown command.
Your foxfire dissipates!
The foxfire hits the scorpion.
The scorpion is moderately wounded.
The scorpion closely misses you.
There is an open door here.
Casting: Foxfire (safe; 3% risk of failure)
Confirm with . or Enter, or press ? or * to list all spells.
You conjure some foxfire!
The scorpion stings you!
* * * LOW HITPOINT WARNING * * *
The scorpion stings you.
* * * LOW HITPOINT WARNING * * *
Your foxfire dissipates!
The foxfire hits the scorpion!
The scorpion is severely wounded.
Casting: Foxfire (safe; 3% risk of failure)
Confirm with . or Enter, or press ? or * to list all spells.
You conjure some foxfire!
The scorpion stings you.
You die...

##################
#<..÷#...v.#.$$$$#
#PP.÷'..@s.'.#$§.+
#PPP.#..v..#.#"..#
###############+##


You could see a scorpion (ally target).

Vanquished Creatures
  An oklob sapling (D)
  A river rat (D)
  A rat (D)
3 creatures vanquished.

Vanquished Creatures (collateral kills)
  7 foxfires (D)
7 creatures vanquished.

Vanquished Creatures (others)
  10 foxfires (D)
  2 fungi (D)
12 creatures vanquished.

Grand Total: 22 creatures vanquished

Notes
Turn   | Place    | Note
-------+----------+-------------------------------------------
     0 | D        | Zeld the Octopode Fire Elementalist began the quest for the
                  | Orb.
     0 | D        | Reached XP level 1. HP: 11/11 MP: 3/3
   662 | D        | Reached skill level 1 in Fighting
   662 | D        | Reached XP level 2. HP: 17/18 MP: 0/5
   745 | D        | Noticed an oklob sapling
   750 | D        | Killed an oklob sapling
   751 | D        | Reached skill level 4 in Fire Magic
   751 | D        | Reached XP level 3. HP: 24/24 MP: 5/7
   992 | D        | Learned a level 3 spell: Conjure Flame
   994 | D        | Noticed a scorpion
   995 | D        | Found the amulet of invisibility {+Inv}
  1005 | D        | Slain by a scorpion

Illustrated notes

Levels and vault maps discovered:
D:        dungeon_sprint_fedhas [sprint_temple]

Skill      XL: |  1  2 |
---------------+-------+-----
Fighting       | 1 2 |  2.2
Dodging        | 3 |  3.2
Spellcasting   | 3 |  3.0
Conjurations   | 2 |  2.5
Fire Magic     | 4 |  4.7
Stealth        | |  2.6

Action                   || total
-------------------------++-------
Melee: Unarmed           ||    15
       Constrict         ||     5
       Tentacles         ||     1
 Cast: Foxfire           ||    13
  Use: Potion            ||     1
Dodge: Dodged            ||     4

Table legend: (Time is in decaauts)
 A = Elapsed time spent in this place.
 B = Non-inter-level travel time spent in this place.
 C = Inter-level travel time spent in this place.
 D = Time resting spent in this place.
 E = Time spent auto-exploring this place.
 F = Levels seen in this place.
 G = Mean time per level.
                   A        B        C        D        E       F      G
               +--------+--------+--------+--------+--------+-----+--------+
         Total |   1014 |   1014 |      0 |    952 |      0 |   1 | 1014.0 |
       Dungeon |   1014 |   1014 |      0 |    952 |      0 |   1 | 1014.0 |
               +--------+--------+--------+--------+--------+-----+--------+

Top non-repeatable levels by time:
       D: 1014 daAuts
